 Dungeon Sprint DCSS version 0.27-a0-1191-g601b473118 (webtiles) character file.

Game seed: 14526246788283249371

4967 Zeld the Warrior (level 10, -12/132 HPs)
             Began as a Minotaur Berserker on May 24, 2021.
             Was a High Priest of Trog.
             Mangled by a centaur warrior (13 damage)
             ... in the Dungeon (Sprint I: "Red Sonja").
             The game lasted 00:02:38 (2254 turns).

Zeld the Warrior (Minotaur Berserker)               Turns: 2254, Time: 00:02:38

Health: -12/132    AC:  2    Str: 23      XL:     10   Next: 28%
Magic:  7/7        EV: 15    Int: -1 (0)  God:    Trog [*****.]
Gold:   360        SH:  0    Dex:  7 (8)  Spells: 9/9 levels left

rFire    . . .     SeeInvis .   a - +1 hand axe
rCold    . . .     Faith    .   (no shield)
rNeg     . . .     Spirit   .   b - +0 leather armour
rPois    .         Reflect  .   (helmet restricted)
rElec    .         Harm     .   n - +0 cloak
rCorr    +         Rampage  .   (no gloves)
Will     .....     NoTele   +   (no boots)
Stlth    ..........             (no amulet)
HPRegen  0.32/turn              m - ring of resist corrosion
MPRegen  0.10/turn              (no ring)

@: berserking, unable to read, slowed, lost intelligence
A: horns 2, retaliatory headbutt, clumsy 1, deformed body, deterioration 2,
dopey 2, frail 2, low mp 2, weak 1, no potion heal 2, subdued magic 1, inability
to read while threatened
a: Renounce Religion, Berserk, Trog's Hand, Brothers in Arms


You were in the Dungeon.
You worshipped Trog.
Trog was extremely pleased with you.
You visited 1 branch You collected 771 gold pieces.
You spent 411 gold pieces at shops.

Inventory:

Hand Weapons
 a - a +1 hand axe (weapon)
 l - a +2 dagger of draining
Armour
 b - a +0 leather armour (worn)
 n - a +0 cloak (worn)
Jewellery
 m - a ring of resist corrosion (left hand)
Wands
 o - a wand of acid (2)
Scrolls
 h - a scroll of blinking
Potions
 c - 3 potions of curing
 d - a potion of heal wounds
 e - a potion of haste
 f - 2 potions of magic
 g - a potion of berserk rage
 i - a potion of flight
 j - a potion of invisibility
 k - a potion of attraction {unknown}


   Skills:
 * Level 17.3 Fighting
 - Level 14.0 Axes
 - Level 2.4 Armour
 * Level 16.0 Dodging


You had 9 spell levels left.
You didn't know any spells.
Your spell library was empty.

Dungeon Overview and Level Annotations

Branches:
Dungeon (1/1)

Altars:
Cheibriados
Dithmenos
Elyvilon
Fedhas
Gozag
Hepliaklqana
Kikubaaqudgha
Nemelex Xobeh
Okawaru
Qazlal
Ru
Sif Muna
Trog
Uskayaw
Vehumet
Wu Jian
Yredelemnul
Zin
The Shining One

Shops:
D *:((*([


Innate Abilities, Weirdness & Mutations

You have a pair of horns on your head.
You reflexively headbutt those who attack you in melee.
You are clumsy. (Dex -2)
Armour fits poorly on your strangely shaped body.
Your body often deteriorates upon taking damage.
You are very dopey. (Int -4)
You are very frail. (-20% HP)
Your magical capacity is very low. (-20% MP)
You are weak. (Str -2)
Potions cannot restore your health.
Your spells are a little easier to cast, but a little less powerful.
You sometimes lose the ability to read scrolls when taking damage.


Message History

Your body deteriorates!
You feel clumsy.
You see here a +0 long sword.
A red film seems to cover your vision as you go berserk!
You feel yourself moving faster!
You feel mighty!
The centaur warrior shoots an arrow.
The arrow hits you!!
You feel threatened and lose the ability to read scrolls!
You are too injured to fight recklessly!
You are too injured to fight recklessly!
You are too injured to fight recklessly!
You barely miss the centaur warrior. You headbutt the centaur warrior!
The centaur warrior is moderately wounded.
A centaur warrior comes into view.
The centaur warrior unwields a +0 shortbow.
The centaur warrior completely misses you.
The centaur warrior kicks you.
You slice the centaur warrior!!
The centaur warrior is severely wounded.
The centaur warrior hits you! The centaur warrior closely misses you.
The centaur warrior hits you!
* * * LOW HITPOINT WARNING * * *
The centaur warrior kicks you.
* * * LOW HITPOINT WARNING * * *
The centaur warrior hits you!
* * * LOW HITPOINT WARNING * * *
The centaur warrior kicks you.
* * * LOW HITPOINT WARNING * * *
There is an open door, spattered with blood here.
You hit the centaur warrior.
The centaur warrior is lightly wounded.
You hit the centaur warrior. The centaur warrior hits you!
* * * LOW HITPOINT WARNING * * *
The centaur warrior closely misses you. x2; The centaur warrior kicks you.
* * * LOW HITPOINT WARNING * * *
Unknown command.
You closely miss the centaur warrior. You headbutt the centaur warrior!
The centaur warrior is moderately wounded.
You slash the centaur warrior!
The centaur warrior completely misses you.
The centaur warrior closely misses you. The centaur warrior hits you!
You die...

###############
<.#..)..#..'..#
..').#..').#..+
..#####'#####'# ###
..####..#...#|####§§#
..#__####..##.#§§§.§#
..#_____##'#_.+§§§§§+
⌠⌠#_.∩...'..._#§§c§.#
###_..__##_.#(##@###
#_____###'#.#§c§.###
###########.####'###.##
∩........'...'.....'.∩#
##''''####...##########
.......####.###
........#.#'#.#
..#.....#.....#
........#..(..#


You could see 2 centaur warriors.

Vanquished Creatures
  Sonja (D)
  A deep troll (D)
  8 shining eyes (D)
  Sigmund (D)
  A yak (D)
  4 floating eyes (D)
  An ogre (D)
  A jelly (D)
  Ijyb (D)
19 creatures vanquished.

Vanquished Creatures (others)
  A gargoyle (D)
  2 ballistomycete spores (D)
3 creatures vanquished.

Grand Total: 22 creatures vanquished

Notes
Turn   | Place    | Note
-------+----------+-------------------------------------------
     0 | D        | Zeld the Minotaur Berserker began the quest for the Orb.
     0 | D        | Reached XP level 1. HP: 19/19 MP: 0/0
     8 | D        | Noticed Ijyb
    13 | D        | Killed Ijyb
    14 | D        | Reached XP level 2. HP: 26/26 MP: 1/1
    96 | D        | Noticed an ogre
    99 | D        | Killed an ogre
   100 | D        | Reached XP level 3. HP: 31/31 MP: 2/2
   100 | D        | Reached XP level 4. HP: 39/39 MP: 3/3
   329 | D        | Noticed Sigmund
   333 | D        | Killed Sigmund
   333 | D        | Reached ** piety under Trog
   334 | D        | Reached skill level 4 in Fighting
   334 | D        | Reached XP level 5. HP: 47/47 MP: 4/4
   334 | D        | Reached XP level 6. HP: 55/55 MP: 5/5
   462 | D        | Found an ornate altar of the Wu Jian Council.
   462 | D        | Found a shimmering blue altar of Sif Muna.
   464 | D        | Found a radiant altar of Vehumet.
   467 | D        | Reached skill level 5 in Fighting
   543 | D        | Noticed Sonja
   554 | D        | Killed Sonja
   555 | D        | Reached skill level 10 in Fighting
   555 | D        | Reached XP level 7. HP: 12/73 MP: 6/6
   555 | D        | HP: 3/73 [poisoned by Sonja]
   850 | D        | Killed a gargoyle
   907 | D        | Found Upujaasch's General Store.
   915 | D        | Bought a potion of curing for 36 gold pieces
   915 | D        | Bought a potion of invisibility for 96 gold pieces
   915 | D        | Bought a scroll of enchant weapon for 90 gold pieces
   915 | D        | Bought a scroll of identify for 24 gold pieces
   919 | D        | Noticed a shining eye
   919 | D        | Noticed a shining eye
   919 | D        | Noticed a shining eye
   919 | D        | Noticed a shining eye
   919 | D        | Noticed a shining eye
   919 | D        | Noticed a shining eye
   919 | D        | Gained mutation: Your magical capacity is low. (-10% MP) [a
                  | shining eye]
   921 | D        | Paralysed by a floating eye for 2 turns
   922 | D        | Gained mutation: You sometimes lose the ability to read
                  | scrolls when taking damage. [a shining eye]
   925 | D        | Paralysed by a floating eye for 2 turns
   928 | D        | Reached *** piety under Trog
   929 | D        | Reached skill level 11 in Fighting
   929 | D        | Reached skill level 10 in Dodging
   929 | D        | Paralysed by a floating eye for 3 turns
   931 | D        | Gained mutation: Armour fits poorly on your strangely
                  | shaped body. [a shining eye]
   934 | D        | Killed a shining eye
   935 | D        | Reached skill level 12 in Fighting
   935 | D        | Reached XP level 8. HP: 85/85 MP: 6/6
   940 | D        | Killed a shining eye
   941 | D        | Reached skill level 13 in Fighting
   941 | D        | Killed a shining eye
   941 | D        | Reached **** piety under Trog
   942 | D        | Reached skill level 14 in Fighting
   942 | D        | Reached XP level 9. HP: 95/95 MP: 7/7
   942 | D        | Gained mutation: You are dopey. (Int -2) [a shining eye]
   943 | D        | Gained mutation: Potions are less effective at restoring
                  | your health. [a shining eye]
   943 | D        | Gained mutation: You are weak. (Str -2) [a shining eye]
   945 | D        | Gained mutation: You are frail. (-10% HP) [a shining eye]
   946 | D        | Gained mutation: Your body sometimes deteriorates upon
                  | taking damage. [a shining eye]
   948 | D        | Killed a shining eye
   948 | D        | Lost intelligence.
   948 | D        | Gained mutation: You are very dopey. (Int -4) [a shining
                  | eye]
   949 | D        | Reached skill level 15 in Fighting
   950 | D        | Gained mutation: Potions cannot restore your health. [a
                  | shining eye]
   951 | D        | Killed a shining eye
   956 | D        | Gained mutation: Your magical capacity is very low. (-20%
                  | MP) [a shining eye]
   958 | D        | Gained mutation: You are clumsy. (Dex -2) [a shining eye]
   959 | D        | Killed a shining eye
   959 | D        | Reached ***** piety under Trog
  1242 | D        | Noticed a shining eye
  1242 | D        | Noticed a shining eye
  1244 | D        | Gained mutation: Your body often deteriorates upon taking
                  | damage. [a shining eye]
  1249 | D        | Killed a shining eye
  1250 | D        | Reached skill level 16 in Fighting
  1250 | D        | Reached skill level 15 in Dodging
  1250 | D        | Gained mutation: Your spells are a little easier to cast,
                  | but a little less powerful. [a shining eye]
  1252 | D        | Reached XP level 10. HP: 97/97 MP: 7/7
  1252 | D        | Gained mutation: You are very frail. (-20% HP) [a shining
                  | eye]
  1253 | D        | Killed a shining eye
  1383 | D        | Found Hopp's Assorted Antiques.
  1383 | D        | Found Asaaroel's Book Shoppe.
  1383 | D        | Found Suishitt's Weapon Boutique.
  1383 | D        | Found Vadymyurph's Antique Weapon Emporium.
  1492 | D        | Bought a pink potion for 25 gold pieces
  1492 | D        | Bought a runed dagger for 140 gold pieces
  1514 | D        | Found Aweru's Antique Weapon Emporium.
  1514 | D        | Found an ancient bone altar of Kikubaaqudgha.
  1514 | D        | Found a hazy altar of Hepliaklqana.
  1514 | D        | Found a stormy altar of Qazlal.
  1514 | D        | Found a hide-covered altar of Uskayaw.
  1514 | D        | Found a blossoming altar of Fedhas.
  1514 | D        | Found a bloodstained altar of Trog.
  1514 | D        | Found an iron altar of Okawaru.
  1514 | D        | Found a basalt altar of Yredelemnul.
  1514 | D        | Found a glowing golden altar of the Shining One.
  1514 | D        | Found a snail-covered altar of Cheibriados.
  1514 | D        | Found a sacrificial altar of Ru.
  1514 | D        | Found a glowing silver altar of Zin.
  1514 | D        | Found a shadowy altar of Dithmenos.
  1514 | D        | Found a white marble altar of Elyvilon.
  1517 | D        | Found an opulent altar of Gozag.
  1518 | D        | Found a sparkling altar of Nemelex Xobeh.
  1684 | D        | Noticed a deep troll
  1692 | D        | Killed a deep troll
  1693 | D        | Reached skill level 17 in Fighting
  1886 | D        | Found Beuqah's Armour Emporium.
  2155 | D        | Noticed a centaur warrior
  2250 | D        | Noticed a centaur warrior
  2253 | D        | HP: 2/132 [centaur warrior (14)]
  2254 | D        | Mangled by a centaur warrior

Illustrated notes

Levels and vault maps discovered:
D:        dungeon_sprint_1 [red_sonja_temple_1, red_sonja_temple_small_1]

Skill      XL: |  1  2  3  4  5  6  7  8  9 10 |
---------------+-------------------------------+-----
Axes           | 7 11 14 | 14.0
Fighting       | 4 10 12 14 16 17 | 17.3
Dodging        | 3 9 11 13 15 16 | 16.0
Armour         | |  2.4

Action                   |  1- 3 |  4- 6 |  7- 9 | 10-12 || total
-------------------------+-------+-------+-------+-------++-------
Melee: Hand axe          |     5 |     8 |    30 |    14 ||    57
       Headbutt          |     2 |     2 |    16 |     6 ||    26
Invok: Berserk           |     2 |     3 |     2 |     3 ||    10
       Trog's Hand       |       |     1 |       |       ||     1
Evoke: Wand              |       |       |       |     1 ||     1
  Use: Scroll            |       |       |     2 |       ||     2
       Potion            |       |       |     1 |       ||     1
Armor: Leather armour    |       |     2 |       |       ||     2
Dodge: Dodged            |     1 |    12 |       |    14 ||    27

Table legend: (Time is in decaauts)
 A = Elapsed time spent in this place.
 B = Non-inter-level travel time spent in this place.
 C = Inter-level travel time spent in this place.
 D = Time resting spent in this place.
 E = Time spent auto-exploring this place.
 F = Levels seen in this place.
 G = Mean time per level.
                   A        B        C        D        E       F      G
               +--------+--------+--------+--------+--------+-----+--------+
         Total |   2916 |   2886 |     30 |   2516 |      0 |   1 | 2916.0 |
       Dungeon |   2916 |   2886 |     30 |   2516 |      0 |   1 | 2916.0 |
               +--------+--------+--------+--------+--------+-----+--------+

Top non-repeatable levels by time:
       D: 2916 daAuts
